[Event "Titled Tuesday Blitz August 09 Early 2022"]
[White "D`Arruda, Ricardo D."]
[Black "Gatterer, Florian"]
[WhiteFideId "100692"]
[BlackFideId "811688"]
[WhiteElo "2466"]
[BlackElo "2218"]
[Result "1-0"]
[Round "04"]
[TimeControl "180+1"]
[Date "2022.08.09"]
[WhiteClock "0:00:17"]
[BlackClock "0:00:06"]

1. Nf3 d5 2. b3 Bf5 3. Bb2 e6 4. e3 Nf6 5. Be2 Be7 6. O-O O-O 7. Nh4 Bg6 8. Nxg6 hxg6 9. d3 a5 10. a4 c6 11. Nd2 Nbd7 12. Nf3 Bd6 13. Re1 Re8 14. Bf1 e5 15. e4 d4 16. g3 c5 17. Nd2 Nb8 18. Nc4 Bc7 19. Bc1 Nc6 20. Bg2 Nh7 21. f4 f6 22. Qg4 Nf8 23. Bd2 Qc8 24. f5 g5 25. h4 gxh4 26. gxh4 Qd7 27. Bf3 Qf7 28. Kh2 Nb4 29. Rac1 b5 30. axb5 a4 31. bxa4 Rxa4 32. b6 Bd8 33. Nd6 Qd7 34. Nxe8 Qxe8 35. Rg1 Qf7 36. Bh6 Bxb6 37. Qxg7+ Qxg7 38. Rxg7+ Kh8 39. Rb7 Ra2 40. Bxf8 Nxd3 41. Rg1 Rxc2+ 42. Rg2 Rxg2+ 43. Bxg2 Ba5 44. Bf1 c4 45. Rb8 Kh7 46. Rc8 Nf2 47. Rxc4 Nxe4 48. Ra4 Bd2 49. Ra7+ Kg8 50. Bg7 Bf4+ 51. Kg2 Nc5 52. Bc4+ Kh7 53. Bxf6+ Kh6 54. Rc7 Ne4 55. Bg7+ Kh5 56. f6 Nd6 57. f7 Nxf7 58. Bxf7+ Kg4 59. h5 d3 60. h6 d2 61. Rd7 Bxh6 62. Bxh6 e4 63. Bxd2 e3 64. Bxe3 Kf5 65. Rd5+ Ke4 66. Rc5 Kd3 67. Kf2 Ke4 68. Bg6# 1-0


[Site "https://www.chess.com"]

[Event "Titled Tuesday Blitz August 09 Early 2022"]
[White "Degardin, Sylvain"]
[Black "Gardezi, Arsal"]
[WhiteFideId "20623070"]
[BlackFideId "30949521"]
[WhiteElo "2146"]
[BlackElo "1781"]
[Result "1-0"]
[Round "04"]
[TimeControl "180+1"]
[Date "2022.08.09"]
[WhiteClock "0:00:15"]
[BlackClock "0:00:06"]

1. b3 d5 2. Bb2 c5 3. e3 Nc6 4. Bb5 Nf6 5. f4 e6 6. Nf3 a6 7. Bxc6+ bxc6 8. O-O Bd6 9. Ne5 Qc7 10. d3 a5 11. a4 Rb8 12. Nd2 Ba6 13. Rf3 Nd7 14. Nxd7 Qxd7 15. Bxg7 Rg8 16. Bf6 Rg6 17. Bh4 c4 18. dxc4 Bc5 19. cxd5 cxd5 20. Kh1 Bb7 21. Rg3 Rxg3 22. hxg3 Bxe3 23. Nf3 d4 24. Qd3 f5 25. Rd1 Be4 26. Qe2 Rc8 27. Ne5 Qg7 28. Qh5+ Kf8 29. Bg5 Rxc2 30. Rg1 Bxg1 31. Kxg1 Rxg2+ 32. Kf1 Rxg3 33. Bh6 Rg1+ 34. Kf2 Rg2+ 35. Ke1 Rg1+ 36. Kd2 Rg2+ 37. Kc1 Rg1+ 38. Kb2 Rg2+ 39. Ka3 Bb1 40. Bxg7+ Kxg7 41. Qf7+ Kh6 42. Qf6+ Kh5 43. b4 axb4+ 44. Kxb4 d3 45. Qf7+ Kh6 46. Qf8+ Kh5 47. Qe8+ Kh4 48. Nf3+ Kg4 49. Ne5+ Kxf4 50. Qb8 Ke4 51. Qb7+ Kxe5 52. Qxg2 f4 53. Qd2 Ke4 54. Kc3 Bc2 55. Qe1+ Kd5 56. Kd2 e5 57. a5 e4 58. a6 e3+ 59. Kc3 d2 60. Qxd2+ exd2 61. Kxc2 f3 62. a7 f2 63. a8=Q+ Kd4 64. Qf3 d1=Q+ 65. Kxd1 1-0


[Site "https://www.chess.com"]

[Event "Titled Tuesday Blitz August 09 Early 2022"]
[White "Delaney, Killian"]
[Black "Kostiukov, Alexandr"]
[WhiteFideId "2501570"]
[BlackFideId "14108100"]
[WhiteElo "2254"]
[BlackElo "2202"]
[Result "1-0"]
[Round "04"]
[TimeControl "180+1"]
[Date "2022.08.09"]
[WhiteClock "0:00:03"]
[BlackClock "0:00:02"]

1. d4 g6 2. e4 c5 3. Nc3 cxd4 4. Qxd4 Nf6 5. Nf3 Nc6 6. Qa4 d6 7. e5 dxe5 8. Nxe5 Bg7 9. Nxc6 bxc6 10. Be2 Qc7 11. Bf4 Qb6 12. Bf3 Bd7 13. O-O Nd5 14. Rad1 Rd8 15. Bg3 O-O 16. Qh4 Nxc3 17. bxc3 Bf6 18. Qh6 Bf5 19. h4 Bxc2 20. Rc1 Bd3 21. Rfe1 c5 22. Re3 c4 23. Be5 Rfe8 24. Rce1 Bxe5 25. Rxe5 Qf6 26. h5 e6 27. Qe3 Rd6 28. Qxa7 Red8 29. Qa5 Bf5 30. Qb5 Qg5 31. hxg6 hxg6 32. Qxc4 Qf6 33. Qf4 Rd2 34. g4 1-0


[Site "https://www.chess.com"]

[Event "Titled Tuesday Blitz August 09 Early 2022"]
[White "Delorme, Axel"]
[Black "Khabinets, Ivan"]
[WhiteFideId "632023"]
[BlackFideId "14115980"]
[WhiteElo "2474"]
[BlackElo "2114"]
[Result "1/2-1/2"]
[Round "04"]
[TimeControl "180+1"]
[Date "2022.08.09"]
[WhiteClock "0:00:08"]
[BlackClock "0:01:08"]

1. d4 d5 2. Nf3 e6 3. e3 Nf6 4. Bd3 c5 5. c3 Nc6 6. Nbd2 Bd6 7. O-O O-O 8. dxc5 Bxc5 9. e4 e5 10. h3 h6 11. Qc2 Re8 12. b4 Bd6 13. a3 Be6 14. Bb2 Rc8 15. Qd1 dxe4 16. Nxe4 Nxe4 17. Bxe4 f5 18. Bd5 e4 19. Bxe6+ Rxe6 20. Nd4 Nxd4 21. Qxd4 Qe7 22. c4 Be5 23. Qd2 Rd6 24. Qc2 Bxb2 25. Qxb2 Rxc4 26. Rad1 Kh7 27. Qe2 Rcd4 28. Rxd4 Rxd4 29. Qb5 Qd7 30. Qe5 Rd5 31. Qb8 a6 32. Rc1 Rd2 33. Qg3 Qd6 34. Qxd6 Rxd6 35. Rc7 Rd3 36. Rxb7 Rxa3 37. b5 a5 38. g3 Rb3 39. b6 Kg6 40. Ra7 Rxb6 41. Rxa5 Kf6 42. h4 Rc6 43. Rb5 Rc1+ 44. Kg2 Rc2 45. Kf1 Kg6 46. Kg1 Ra2 47. Rc5 Kf6 48. Rb5 Ke6 49. Rc5 Rd2 50. Rb5 Rd5 51. Rb7 Rd7 52. Rb5 g6 53. Kg2 Rd2 54. Kg1 Kf6 55. Rb6+ Kf7 56. Ra6 Rb2 57. h5 Rb1+ 58. Kg2 gxh5 59. Rxh6 Rb2 60. Kg1 Kg7 61. Rxh5 Kg6 62. Rh8 Kg5 63. Rg8+ Kh5 64. Kf1 Ra2 65. Kg1 Ra1+ 66. Kg2 Rb1 67. Rf8 Kg5 68. Rg8+ Kf6 69. Rf8+ Kg6 70. Rg8+ Kf7 71. Rc8 Rb2 72. Rc6 e3 73. Kf3 exf2 74. Kg2 Ke7 75. Rc4 Ke6 76. Rf4 f1=Q+ 77. Kxf1 Ke5 78. Rh4 Kf6 79. Kg1 Kg5 80. Rf4 Ra2 81. Rf2 Ra3 82. Kg2 Ra4 83. Rf1 Kg4 84. Rf4+ Rxf4 85. gxf4 Kxf4 86. Kf2 Ke4 87. Ke2 Ke5 88. Ke3 Ke6 89. Kf4 Kf6 90. Kf3 Kg6 91. Kf4 Kf6 92. Kf3 Kg5 93. Kg3 f4+ 94. Kf3 Kf5 95. Kf2 Ke5 96. Kf3 Kf5 97. Kf2 Ke4 98. Ke2 Ke5 99. Kf3 Kf5 1/2-1/2


[Site "https://www.chess.com"]

[Event "Titled Tuesday Blitz August 09 Early 2022"]
[White "Demchenko, Anton"]
[Black "Hua, Lefong"]
[WhiteFideId "4160258"]
[BlackFideId "2602253"]
[WhiteElo "2539"]
[BlackElo "2602"]
[Result "0-1"]
[Round "04"]
[TimeControl "180+1"]
[Date "2022.08.09"]
[WhiteClock "0:00:03"]
[BlackClock "0:00:22"]

1. e4 c5 2. Nf3 g6 3. c3 Nc6 4. Bc4 e6 5. O-O Bg7 6. d4 cxd4 7. Nxd4 d5 8. exd5 exd5 9. Re1+ Nge7 10. Bg5 dxc4 11. Nd2 f6 12. Nxc6 bxc6 13. Be3 O-O 14. Bc5 Rf7 15. Qe2 Bf8 16. Nxc4 Ba6 17. Rad1 Qc7 18. Qe6 Bxc4 19. Qxc4 Nd5 20. Bxf8 Raxf8 21. Re6 Nb6 22. Qxc6 Qxc6 23. Rxc6 Re8 24. Kf1 Kg7 25. c4 Rfe7 26. c5 Nc4 27. g3 Nxb2 28. Rd4 Re1+ 29. Kg2 R8e7 30. h4 R1e2 31. a4 a5 32. Ra6 R2e4 33. Rxe4 Rxe4 34. Ra7+ Kh6 35. Rxa5 Rxa4 36. Rxa4 Nxa4 37. c6 Nb6 38. Kf3 Kg7 39. Ke4 Kf7 40. h5 Ke6 41. hxg6 hxg6 42. g4 Kd6 43. g5 f5+ 44. Kd4 Nd5 45. f3 Nf4 46. Kc4 Kxc6 47. Kd4 Kd6 48. Ke3 Ke5 49. Kf2 Ne6 50. Kg3 Nxg5 0-1


[Site "https://www.chess.com"]

[Event "Titled Tuesday Blitz August 09 Early 2022"]
[White "Devaev, Alexander"]
[Black "Mitrabha, Guha"]
[WhiteFideId "4169395"]
[BlackFideId "5057000"]
[WhiteElo "2185"]
[BlackElo "2499"]
[Result "0-1"]
[Round "04"]
[TimeControl "180+1"]
[Date "2022.08.09"]
[WhiteClock "0:00:28"]
[BlackClock "0:00:09"]

1. d4 Nf6 2. c4 e6 3. Nf3 b6 4. a3 Bb7 5. Nc3 Ne4 6. Nxe4 Bxe4 7. Nd2 Bb7 8. e4 d6 9. Bd3 Nd7 10. Qe2 g6 11. Nf3 Bg7 12. Bg5 Qc8 13. h3 O-O 14. O-O a5 15. b3 c5 16. Be7 Re8 17. Bxd6 cxd4 18. b4 e5 19. Rac1 axb4 20. axb4 h6 21. c5 bxc5 22. bxc5 Nb8 23. Rb1 Bc6 24. Rfc1 Nd7 25. Bc4 Ra4 26. Bb5 Ra5 27. Bc4 Qa8 28. Bd3 Kh8 29. Rc2 f5 30. Nd2 Nf6 31. f3 Nh5 32. Rcb2 Ra1 33. Qf1 Rxb1 34. Qxb1 Qa5 35. exf5 gxf5 36. Bxf5 Nf4 37. Be4 Qc3 38. Bxc6 Rg8 39. Ne4 Qe3+ 40. Kf1 d3 41. Qe1 Qd4 42. Rd2 Bf8 43. Bb5 Bxd6 44. cxd6 Ra8 45. Bxd3 Nxd3 46. Qd1 Ra1 47. Nf2 Qxf2+ 48. Rxf2 Rxd1+ 49. Ke2 Nxf2 50. Kxf2 Rxd6 51. Ke3 Kg7 52. g4 Kf6 53. Ke4 Rd4+ 0-1


[Site "https://www.chess.com"]

[Event "Titled Tuesday Blitz August 09 Early 2022"]
[White "Drozdowski, Kacper"]
[Black "Hambleton, Aman"]
[WhiteFideId "1136720"]
[BlackFideId "2606577"]
[WhiteElo "2968"]
[BlackElo "2772"]
[Result "1/2-1/2"]
[Round "04"]
[TimeControl "180+1"]
[Date "2022.08.09"]
[WhiteClock "0:00:07"]
[BlackClock "0:00:05"]

1. e4 c5 2. Nf3 e6 3. d4 cxd4 4. Nxd4 a6 5. Bd3 Bc5 6. Nb3 Be7 7. Qg4 g6 8. Qe2 d6 9. c4 Qc7 10. Nc3 Nd7 11. Be3 b6 12. O-O Bb7 13. Rac1 h5 14. f4 Ngf6 15. h3 h4 16. Qf2 Nh5 17. Rfe1 Nc5 18. Bb1 Rg8 19. Nd2 f5 20. b4 Nd7 21. Nf3 Ng3 22. Nd4 Nf8 23. Nde2 Nxe4 24. Nxe4 Bxe4 25. Bxb6 Qb7 26. Bxe4 fxe4 27. Be3 Qxb4 28. Nd4 Rc8 29. Rb1 Qa4 30. Rb7 Rxc4 31. Reb1 Rg7 32. Qd2 Kf7 33. Ra7 Kg8 34. Rbb7 Bf6 35. Nb3 Rxb7 36. Rxb7 d5 37. Kh2 Qc6 38. Rb6 Qc8 39. Qa5 Bd8 40. Qxa6 Bxb6 41. Qxb6 Rc6 42. Qd4 Qc7 43. Qf6 Rc2 44. Bd4 Qh7 45. a4 Rc4 46. a5 e3 47. Bxe3 Qg7 48. Qxh4 Rc3 49. Bd4 g5 50. Qg4 Qc7 51. Bxc3 Qxc3 52. Qxg5+ Kf7 53. Qg3 Qb4 54. Qe3 Ng6 55. Nd4 Nf8 56. a6 Qa4 57. Qd3 Ng6 58. Ne2 Nxf4 59. Qf3 e5 60. Nxf4 exf4 61. Qxd5+ Kf6 62. Qd6+ Kg5 63. Qc5+ Kh4 64. Qf2+ Kg5 65. a7 Qa3 66. h4+ Kf5 67. h5 Kg4 68. h6 Qa6 69. h7 Qh6+ 70. Kg1 Qxh7 71. a8=Q Qb1+ 72. Kh2 Qh7+ 73. Kg1 Qb1+ 74. Qf1 Qb6+ 75. Kh1 Qh6+ 76. Kg1 Qb6+ 77. Kh2 Qh6+ 78. Kg1 Qb6+ 1/2-1/2


[Site "https://www.chess.com"]

[Event "Titled Tuesday Blitz August 09 Early 2022"]
[White "Drygalov, Sergey"]
[Black "Carlsson, Ludvig"]
[WhiteFideId "24171743"]
[BlackFideId "1727010"]
[WhiteElo "2523"]
[BlackElo "2195"]
[Result "1-0"]
[Round "04"]
[TimeControl "180+1"]
[Date "2022.08.09"]
[WhiteClock "0:01:03"]
[BlackClock "0:00:01"]

1. d4 e6 2. c4 b6 3. Nf3 Bb7 4. g3 Bb4+ 5. Bd2 Be7 6. Bg2 Nf6 7. O-O O-O 8. Nc3 d5 9. Ne5 Qc8 10. cxd5 Nxd5 11. e4 Nf6 12. Rc1 Nbd7 13. Nb5 c6 14. Bf4 Nxe5 15. dxe5 Rd8 16. Nd6 Bxd6 17. exd6 e5 18. Bxe5 Qe6 19. Bf4 c5 20. e5 Bxg2 21. Kxg2 Nd5 22. Qf3 Nxf4+ 23. gxf4 Qxa2 24. b3 Qb2 25. Rfe1 Rac8 26. f5 Qd2 27. Rcd1 Qg5+ 28. Kh1 Rf8 29. Rg1 Qd8 30. Qg3 g6 31. e6 fxe6 32. fxe6 Rf6 33. Qe5 Rxf2 34. d7 Rb8 35. e7 1-0


[Site "https://www.chess.com"]

[Event "Titled Tuesday Blitz August 09 Early 2022"]
[White "Dushyant Sharma"]
[Black "Sanchez, Robert"]
[WhiteFideId "25065130"]
[BlackFideId "2034360"]
[WhiteElo "2133"]
[BlackElo "2275"]
[Result "1-0"]
[Round "04"]
[TimeControl "180+1"]
[Date "2022.08.09"]
[WhiteClock "0:02:14"]
[BlackClock "0:01:52"]

1. e4 e5 2. Nf3 Nc6 3. Nc3 Nf6 4. Bb5 d6 5. d4 exd4 6. Nxd4 Bd7 7. Nxc6 bxc6 8. Bd3 Rb8 9. O-O Be7 10. f4 O-O 11. Qe1 c5 12. Kh1 Re8 13. Rb1 Bf8 14. Qg3 Nh5 15. Qf3 g6 16. f5 f6 17. e5 dxe5 18. fxg6 hxg6 19. Bxg6 Ng7 20. Bxe8 Bxe8 21. Qxf6 Qd4 22. Qxf8+ 1-0


[Site "https://www.chess.com"]

[Event "Titled Tuesday Blitz August 09 Early 2022"]
[White "Ekdyshman, Mikhail"]
[Black "Jorquera, Marcelo"]
[WhiteFideId "4149416"]
[BlackFideId "3401197"]
[WhiteElo "2146"]
[BlackElo "2136"]
[Result "1-0"]
[Round "04"]
[TimeControl "180+1"]
[Date "2022.08.09"]
[WhiteClock "0:00:54"]
[BlackClock "0:00:03"]

1. e4 d5 2. exd5 Qxd5 3. Nc3 Qa5 4. Bc4 Nf6 5. d4 c6 6. h3 Bf5 7. Nf3 e6 8. Bd2 Bb4 9. O-O O-O 10. a3 Bxc3 11. Bxc3 Qb6 12. b4 Rd8 13. Qe2 Nbd7 14. Rfe1 h6 15. a4 a6 16. Bd2 Nd5 17. c3 N7f6 18. a5 Qc7 19. Ne5 Ne4 20. Rac1 Nxd2 21. Qxd2 Rd6 22. Bd3 Ne7 23. Nc4 Rdd8 24. Nb6 Rab8 25. Bf1 Nd5 26. Nc4 Qf4 27. g3 Qxd2 28. Nxd2 Nf6 29. g4 Bg6 30. Bg2 Nd5 31. Bxd5 cxd5 32. Nb3 Rdc8 33. Nc5 Rc7 34. f3 Kf8 35. h4 Ke7 36. h5 Bh7 37. f4 Kd6 38. Re5 Re8 39. Rce1 Ree7 40. Kf2 Bg8 41. R5e3 Kc6 42. f5 Kd6 43. fxe6 fxe6 44. Kg3 Bf7 45. Re5 Rc6 46. Rf1 Rcc7 47. Rxf7 1-0


[Site "https://www.chess.com"]

[Event "Titled Tuesday Blitz August 09 Early 2022"]
[White "Ernst, Sipke"]
[Black "Nasir, Zehn"]
[WhiteFideId "1004689"]
[BlackFideId "2613239"]
[WhiteElo "2436"]
[BlackElo "1993"]
[Result "1-0"]
[Round "04"]
[TimeControl "180+1"]
[Date "2022.08.09"]
[WhiteClock "0:00:47"]
[BlackClock "0:00:04"]

1. d4 Nf6 2. c4 c5 3. d5 e6 4. Nc3 exd5 5. cxd5 d6 6. e4 g6 7. f4 Bg7 8. Bb5+ Nfd7 9. Bd3 O-O 10. Nf3 Re8 11. O-O a6 12. a4 Nf6 13. h3 Nbd7 14. Re1 Qc7 15. Be3 Nh5 16. Rc1 Bh6 17. Qd2 c4 18. Bb1 Nc5 19. g4 Ng3 20. Bxc5 Qxc5+ 21. Kg2 f5 22. exf5 Bxf5 23. gxf5 Nxf5 24. Bxf5 gxf5 25. Ng5 b5 26. axb5 axb5 27. Ne6 Qb4 28. Kh2 Kh8 29. Qd4+ Kg8 30. Qf6 Qxb2+ 31. Re2 Bxf4+ 32. Kg2 Be5 33. Qg5+ Kf7 1-0


[Site "https://www.chess.com"]

[Event "Titled Tuesday Blitz August 09 Early 2022"]
[White "Eynullayev, Altay"]
[Black "Silvestre, Christian"]
[WhiteFideId "13413562"]
[BlackFideId "30956269"]
[WhiteElo "2079"]
[BlackElo "2301"]
[Result "1-0"]
[Round "04"]
[TimeControl "180+1"]
[Date "2022.08.09"]
[WhiteClock "0:00:18"]
[BlackClock "0:00:15"]

1. e4 e5 2. Nf3 Nc6 3. Bb5 Nf6 4. O-O Nxe4 5. Re1 Nd6 6. Nxe5 Nxe5 7. Rxe5+ Be7 8. Bf1 O-O 9. d4 Bf6 10. Re1 Re8 11. d5 Rxe1 12. Qxe1 b6 13. Nc3 Bb7 14. Bf4 Nf5 15. Rd1 d6 16. Bd3 Ne7 17. Bc1 Ng6 18. Ne4 Be5 19. c4 Qh4 20. g3 Qe7 21. Bg5 f6 22. Bc1 f5 23. Nd2 Qf6 24. Nf3 Re8 25. Nxe5 dxe5 26. Bf1 e4 27. Qe3 Ne5 28. Be2 g5 29. Qxg5+ Qxg5 30. Bxg5 Kf7 31. Bh5+ Ng6 32. Bf4 Re7 33. d6 cxd6 34. Rxd6 Rc7 35. Rd4 Re7 36. Bg5 Rc7 37. Bd8 Rc8 38. Rd7+ Ke6 39. Rxb7 Rxd8 40. Bxg6 hxg6 41. Rxa7 Rd1+ 42. Kg2 Rd2 43. Kf1 Rxb2 44. Ra6 Ke5 45. a4 g5 46. a5 bxa5 47. Rxa5+ Ke6 48. Rc5 Rc2 49. Rc6+ Ke5 50. Rc5+ Ke6 51. Rc8 f4 52. gxf4 gxf4 53. h4 f3 54. Ke1 Ke5 55. h5 Re2+ 56. Kf1 Rc2 57. Kg1 Kf4 58. Rf8+ Kg5 59. Re8 Rxc4 60. Re5+ Kg4 61. h6 Kf4 62. h7 Rc8 63. Rh5 Rh8 64. Kh2 e3 65. Rh4+ Ke5 66. fxe3 Kf5 67. Kg3 Kg6 68. Kxf3 Rxh7 69. Rxh7 Kxh7 70. Ke4 Kg7 71. Kd5 Kf7 72. Kd6 Ke8 73. e4 Kd8 74. e5 Ke8 75. Ke6 Kd8 76. Kf7 Kd7 77. e6+ Kd6 78. e7 Kd5 79. e8=Q Kd4 80. Qd8+ Ke4 81. Ke7 Kf4 82. Ke6 Ke4 83. Qd5+ Kf4 84. Qe5+ Kf3 85. Kf5 Kg2 86. Qe3 Kh2 87. Qf3 Kg1 88. Qe2 Kh1 89. Kg4 Kg1 90. Kg3 Kh1 91. Qg2# 1-0


[Site "https://www.chess.com"]

[Event "Titled Tuesday Blitz August 09 Early 2022"]
[White "Fernandez Hernandez, Gerardo"]
[Black "Kostina, Nadezhda"]
[WhiteFideId "2207400"]
[BlackFideId "4195876"]
[WhiteElo "2169"]
[BlackElo "1980"]
[Result "0-1"]
[Round "04"]
[TimeControl "180+1"]
[Date "2022.08.09"]
[WhiteClock "0:00:04"]
[BlackClock "0:01:03"]

1. g3 d5 2. Bg2 Nf6 3. d3 c5 4. Nd2 Nc6 5. e4 g6 6. Ngf3 Bg7 7. O-O O-O 8. c3 b6 9. Re1 Ba6 10. Qa4 Qc8 11. e5 Nd7 12. d4 Bd3 13. e6 fxe6 14. Rxe6 b5 15. Qd1 cxd4 16. Nxd4 Nxd4 17. cxd4 Nb6 18. Nb3 Qxe6 19. Qxd3 Qe1+ 20. Qf1 Qxf1+ 21. Kxf1 Nc4 22. Bxd5+ Kh8 23. Bxa8 Rxa8 24. Bg5 a5 25. Bxe7 a4 26. Nc5 Bxd4 27. Ne6 Bxb2 28. Rd1 Kg8 29. Nd4 Re8 30. Bc5 Rc8 31. Bb4 Rd8 32. Bc5 Bc3 33. Ke2 b4 34. Kd3 Nb2+ 35. Kc2 Nxd1 36. Kxd1 Bxd4 0-1


[Site "https://www.chess.com"]

[Event "Titled Tuesday Blitz August 09 Early 2022"]
[White "Gabdrakhmanov, Azat"]
[Black "Zierk, Steven"]
[WhiteFideId "34189197"]
[BlackFideId "2034255"]
[WhiteElo "2293"]
[BlackElo "2494"]
[Result "0-1"]
[Round "04"]
[TimeControl "180+1"]
[Date "2022.08.09"]
[WhiteClock "0:00:05"]
[BlackClock "0:00:59"]

1. e4 e6 2. d4 d5 3. e5 c5 4. c3 Qb6 5. Nf3 Bd7 6. a3 Bb5 7. c4 Bxc4 8. Bxc4 dxc4 9. d5 Nd7 10. Nc3 Nh6 11. O-O Nf5 12. Qa4 Nd4 13. Nxd4 cxd4 14. dxe6 Qxe6 15. Nb5 Qc6 16. e6 fxe6 17. Bf4 Rc8 18. Qa5 Bc5 19. Nc7+ Kf7 20. Rae1 e5 21. Bxe5 Nxe5 22. Rxe5 Rxc7 23. Rfe1 Rf8 24. Rf5+ Kg8 25. Rxf8+ Bxf8 0-1


[Site "https://www.chess.com"]

[Event "Titled Tuesday Blitz August 09 Early 2022"]
[White "Gheorghiu, Calin"]
[Black "Ovezdurdyyeva, Jemal"]
[WhiteFideId "1200305"]
[BlackFideId "14001888"]
[WhiteElo "2168"]
[BlackElo "1946"]
[Result "1-0"]
[Round "04"]
[TimeControl "180+1"]
[Date "2022.08.09"]
[WhiteClock "0:01:03"]
[BlackClock "0:01:38"]

1. d4 Nf6 2. Bf4 g6 3. Nc3 d5 4. e3 Bg7 5. Nb5 Na6 6. h3 O-O 7. Nf3 c6 8. Nc3 Nc7 9. Be2 b5 10. O-O b4 11. Na4 Ne6 12. Be5 a5 13. a3 Bd7 14. axb4 axb4 15. Qe1 Rb8 16. Bxb8 Qxb8 17. Ne5 Be8 18. Nd3 Ne4 19. Qxb4 Qc7 20. Nac5 N6g5 21. Nxe4 dxe4 22. Ne5 Bxe5 23. dxe5 Qxe5 24. Ra8 Bd7 25. Rxf8+ Kxf8 26. Qd4 Qxd4 27. exd4 Ne6 28. Rd1 1-0


[Site "https://www.chess.com"]

[Event "Titled Tuesday Blitz August 09 Early 2022"]
[White "Goldin, Roman"]
[Black "Lehtosaari, Mauri"]
[WhiteFideId "2803860"]
[BlackFideId "501999"]
[WhiteElo "2312"]
[BlackElo "2507"]
[Result "1-0"]
[Round "04"]
[TimeControl "180+1"]
[Date "2022.08.09"]
[WhiteClock "0:00:06"]
[BlackClock "0:00:02"]

1. e4 d5 2. Nc3 c6 3. d4 dxe4 4. Nxe4 h6 5. Bc4 Bf5 6. Ng3 Bh7 7. Nf3 e6 8. O-O Nf6 9. Re1 Be7 10. Ne5 O-O 11. Qe2 Nd5 12. c3 Nd7 13. f4 Nxe5 14. dxe5 b5 15. Bb3 a5 16. a4 Qb6+ 17. Kh1 Bh4 18. Bxd5 exd5 19. Be3 Qb7 20. Bc5 Rfe8 21. Nh5 Bg6 22. g3 Be7 23. Bxe7 Rxe7 24. Qg4 Qd7 25. Qh4 Be4+ 26. Kg1 bxa4 27. Rxa4 Rb8 28. Re2 c5 29. Rxa5 Qd8 30. Rxc5 Reb7 31. b4 Qxh4 32. gxh4 Ra8 33. Kf2 Ra1 34. Ng3 1-0


[Site "https://www.chess.com"]

[Event "Titled Tuesday Blitz August 09 Early 2022"]
[White "Goltsev, Dmitry"]
[Black "Gareyev, Timur"]
[WhiteFideId "24176710"]
[BlackFideId "14200937"]
[WhiteElo "2732"]
[BlackElo "2870"]
[Result "0-1"]
[Round "04"]
[TimeControl "180+1"]
[Date "2022.08.09"]
[WhiteClock "0:01:59"]
[BlackClock "0:02:08"]

1. e4 e5 2. Nf3 Nc6 3. Bb5 a6 4. Ba4 Nf6 5. O-O Bc5 6. Nxe5 Nxe5 7. d4 b5 8. dxe5 Nxe4 9. Qd5 Bb7 10. Qxb7 c6 11. Bb3 Ra7 12. Qxa7 Bxa7 13. Nd2 Nxf2 14. Bxf7+ Kxf7 15. Ne4 Kg6 16. Nxf2 Rf8 17. Bd2 Rxf2 18. Rxf2 Bxf2+ 19. Kxf2 Qh4+ 20. Kg1 Qd4+ 21. Kh1 Qxd2 0-1


[Site "https://www.chess.com"]

[Event "Titled Tuesday Blitz August 09 Early 2022"]
[White "Gombocz, Ferenc Jr."]
[Black "Martin Barcelo, Carles"]
[WhiteFideId "775029"]
[BlackFideId "24561444"]
[WhiteElo "1913"]
[BlackElo "1922"]
[Result "0-1"]
[Round "04"]
[TimeControl "180+1"]
[Date "2022.08.09"]
[WhiteClock "0:01:27"]
[BlackClock "0:01:06"]

1. c4 e6 2. g3 d5 3. Bg2 Nf6 4. Nf3 b6 5. O-O Bb7 6. b3 Be7 7. Bb2 O-O 8. d4 Nbd7 9. Nc3 Ne4 10. Nxe4 dxe4 11. Ne5 f5 12. f4 Nxe5 13. dxe5 Qxd1 14. Rfxd1 Rfd8 15. e3 a5 16. a4 Bb4 17. Kf2 Kf7 18. Ke2 h6 19. Rxd8 Rxd8 20. Rd1 Rd3 21. Bf1 Rxb3 22. Bc1 Ke7 23. Kf2 Rc3 24. Be2 Ba6 25. Bd2 Rc2 26. Bxb4+ axb4 27. Kf1 Bxc4 28. Bxc4 Rxc4 29. Rb1 c5 30. Rb2 Rc1+ 31. Ke2 Rh1 0-1


[Site "https://www.chess.com"]

[Event "Titled Tuesday Blitz August 09 Early 2022"]
[White "Gonzalez Vega, Alejandro"]
[Black "Bosnjak, Petar"]
[WhiteFideId "3510042"]
[BlackFideId "14532581"]
[WhiteElo "2215"]
[BlackElo "2135"]
[Result "0-1"]
[Round "04"]
[TimeControl "180+1"]
[Date "2022.08.09"]
[WhiteClock "0:00:06"]
[BlackClock "0:01:55"]

1. e4 c6 2. d4 d5 3. exd5 cxd5 4. Bd3 Nc6 5. c3 Nf6 6. Bf4 Bg4 7. Qb3 Qc8 8. Nd2 e6 9. Ngf3 Be7 10. O-O O-O 11. Rfe1 Bh5 12. Ne5 Nxe5 13. Bxe5 a6 14. a4 Qc6 15. a5 Bg6 16. Bxg6 hxg6 17. f3 Nd7 18. Bg3 Bd6 19. Bxd6 Qxd6 20. Ra4 Rab8 21. Rb4 b5 22. axb6 Rxb6 23. Rxb6 Nxb6 24. Ra1 Ra8 25. Ra5 Qc7 26. Qa2 Qb7 27. b4 Qc7 28. Rc5 Qf4 29. Nf1 Nc4 30. Kf2 Qc1 31. Rxc4 dxc4 32. Qxc4 a5 33. b5 Rb8 34. Qc5 Qb2+ 35. Kg1 Qxb5 0-1


[Site "https://www.chess.com"]

[Event "Titled Tuesday Blitz August 09 Early 2022"]
[White "Grot, Blazej"]
[Black "Jaskolka, Tomasz"]
[WhiteFideId "21835845"]
[BlackFideId "1170791"]
[WhiteElo "1614"]
[BlackElo "2073"]
[Result "1/2-1/2"]
[Round "04"]
[TimeControl "180+1"]
[Date "2022.08.09"]
[WhiteClock "0:00:20"]
[BlackClock "0:00:10"]

1. e4 c5 2. Nf3 e6 3. d4 cxd4 4. Nxd4 Nc6 5. Nc3 Qc7 6. Be2 Nf6 7. O-O a6 8. Be3 Be7 9. f4 d6 10. Kh1 O-O 11. a4 Nxd4 12. Bxd4 Re8 13. a5 Bd7 14. Bf3 Rac8 15. Qe1 e5 16. Bb6 Qb8 17. f5 d5 18. Nxd5 Nxd5 19. exd5 Bxf5 20. Be4 Bxe4 21. Qxe4 Bd6 22. c4 g6 23. g4 Bf8 24. Rf3 Bg7 25. b4 Qd6 26. c5 Qd7 27. Raf1 f6 28. h3 Re7 29. d6 Rf7 30. Qd5 Qc6 31. Qxc6 bxc6 32. Rd3 Rd7 33. Kg2 Kf7 34. Kf3 Ke6 35. Ke4 Rf8 36. Rdf3 Rdf7 37. Ke3 f5 38. Rd1 e4 39. Rff1 Bh6+ 40. Ke2 f4 41. h4 f3+ 42. Ke1 Bg7 43. Kf2 Kd7 44. Ke3 Rf4 45. Rc1 f2 46. Rc4 Rf3+ 47. Ke2 R8f4 48. Rxe4 Rxe4+ 49. Kxf3 Rxb4 50. Rxf2 h5 51. gxh5 gxh5 52. Re2 Bf6 53. Kg2 Rg4+ 54. Kf1 Rf4+ 55. Rf2 Rxf2+ 56. Kxf2 Bxh4+ 57. Kf3 Bg5 58. Kg3 Ke6 59. Kh3 h4 60. Kg4 Bf6 61. Kh3 Bg5 62. Kg4 Bf6 63. Kh3 Kd7 64. Kg4 Kc8 65. Kh3 Kd7 66. Kg4 Ke6 1/2-1/2


[Site "https://www.chess.com"]

[Event "Titled Tuesday Blitz August 09 Early 2022"]
[White "Horcajuelo Rocamora, Martin"]
[Black "Reprintsev, Alexander"]
[WhiteFideId "24573027"]
[BlackFideId "14100541"]
[WhiteElo "1882"]
[BlackElo "2108"]
[Result "0-1"]
[Round "04"]
[TimeControl "180+1"]
[Date "2022.08.09"]
[WhiteClock "0:02:27"]
[BlackClock "0:02:24"]

1. e4 d5 2. exd5 Qxd5 3. Nc3 Qa5 4. d4 Nf6 5. Bc4 Nc6 6. Nf3 Bg4 7. Be3 O-O-O 8. Bxf7 e5 9. d5 e4 10. h3 exf3 11. hxg4 fxg2 12. Rg1 Bb4 13. g5 Bxc3+ 14. bxc3 Nxd5 15. Qg4+ Kb8 16. Bd2 Ne5 17. Qf5 Nxf7 18. Qxf7 Rhe8+ 0-1


[Site "https://www.chess.com"]

[Event "Titled Tuesday Blitz August 09 Early 2022"]
[White "Hosseinzadeh, Nima"]
[Black "Gubanov, Oleg"]
[WhiteFideId "12505323"]
[BlackFideId "14115115"]
[WhiteElo "2045"]
[BlackElo "2080"]
[Result "1-0"]
[Round "04"]
[TimeControl "180+1"]
[Date "2022.08.09"]
[WhiteClock "0:00:06"]
[BlackClock "0:00:03"]

1. e4 Nf6 2. e5 Nd5 3. d4 d6 4. Nf3 dxe5 5. Nxe5 c6 6. Be2 Bf5 7. O-O Nd7 8. Nf3 e6 9. c4 N5f6 10. Nc3 Ne4 11. Be3 Nxc3 12. bxc3 Qc7 13. d5 cxd5 14. cxd5 Bd6 15. Nd4 Bxh2+ 16. Kh1 Be5 17. Nxf5 exf5 18. Rc1 f4 19. Bd4 O-O 20. c4 Rfe8 21. Bg4 Nc5 22. Re1 Qd6 23. Qd2 g6 24. Qb2 Bxd4 25. Qxd4 b6 26. Bf3 Rad8 27. Kg1 Re7 28. Rxe7 Qxe7 29. Rc2 Qe1+ 30. Kh2 Re8 31. Qxf4 Nd3 32. Qd4 Ne5 33. d6 Nxf3+ 34. gxf3 Qe6 35. Kg2 Qd7 36. Rd2 Re6 37. Qd5 Kg7 38. Qd4+ Kg8 39. Qd5 Kg7 40. Kf1 Rf6 41. Kg2 h5 42. Qe5 h4 43. Rd4 h3+ 44. Kh2 Qd8 45. Rf4 g5 46. Rf5 Kg6 47. Rxg5+ Kh7 48. Rh5+ Rh6 49. Rxh6+ Kxh6 50. Qe7 Qb8 51. Kxh3 Qc8+ 52. d7 Qxc4 53. d8=Q Qf1+ 54. Kg3 Qg1+ 55. Kf4 Qh2+ 56. Ke3 1-0


[Site "https://www.chess.com"]